 Dungeon Crawl Stone Soup version 0.28-a0-991-g956f0ee3d5 (webtiles) character file.

Game seed: 16259690771461587660

784 ragingrage the Ducker (level 7, -5/28 HPs)
             Began as a Felid Transmuter on Dec 4, 2021.
             Slain by a gnoll sergeant (11 damage)
             ... on level 6 of the Dungeon.
             The game lasted 00:07:41 (8317 turns).

ragingrage the Ducker (Felid Transmuter)            Turns: 8317, Time: 00:07:42

Health: -5/28      AC:  2    Str:  6    XL:     7   Next: 55%
Magic:  11/11      EV: 21    Int: 15    God:
Gold:   249        SH:  0    Dex: 18    Spells: 7/10 levels left
                                        Lives:  0   Deaths: 2

rFire   . . .      SeeInvis +     - Unarmed
rCold   . . .      Faith    +   (shield unavailable)
rNeg    . . .      Spirit   .   (armour unavailable)
rPois   .          Reflect  .   (helmet unavailable)
rElec   .          Harm     .   (cloak unavailable)
rCorr   .          Rampage  .   (gloves unavailable)
Will    +....                   (boots unavailable)
Stlth   ++++......              o - amulet of faith
HPRegen 0.09/turn               (no ring)
MPRegen 0.12/turn               (no ring)

@: lethally poisoned (-5 -> -9), appendages, quick
A: horns 2, very small, claws 1, fangs 3, see invisible, speed 1, shaggy fur 2,
stealthy paws, no weapons or thrown items, no armour, multi-lived
a: End Transformation


You were on level 6 of the Dungeon.
You had temporarily grown beastly horns.
You visited 1 branch of the dungeon, and saw 6 of its levels.

You collected 279 gold pieces.
You spent 30 gold pieces at shops.

Inventory:

Jewellery
 o - an amulet of faith (around neck)
Wands
 m - a wand of iceblast (5)
Scrolls
 b - 2 scrolls of blinking {unknown}
 g - 2 scrolls of identify
 i - a scroll of enchant weapon {unknown}
 j - a scroll of noise
 l - a scroll of vulnerability {unknown}
 n - a scroll of teleportation {unknown}
 p - a scroll of magic mapping {unknown}
 r - a scroll of fear {unknown}
Potions
 a - 2 potions of attraction
 c - a potion of flight {unknown}
 d - a potion of invisibility {unknown}
 e - a potion of ambrosia {unknown}
 f - a potion of might
 h - a potion of haste
 k - 2 potions of degeneration
 q - a potion of mutation {unknown}


   Skills:
 - Level 1.0 Fighting
 + Level 7.1 Dodging
 + Level 7.1 Stealth
 + Level 5.8 Unarmed Combat
 - Level 2.0 Spellcasting
 + Level 6.0 Transmutations


You had 7 spell levels left.
You knew the following spells:

 Your Spells              Type           Power      Damage    Failure   Level
a - Beastly Appendage     Tmut           38%        N/A       1%          1
b - Wereblood             Tmut           19%        N/A       2%          2

Your spell library contained the following spells:

 Spells                   Type           Power      Damage    Failure   Level
 Passwall                 Tmut/Erth      8%         N/A       10%         2
 Spider Form              Tmut/Pois      10%        N/A       19%         3
 Sandblast                Erth           2%         2d4       22%         1
 Sublimation of Blood     Necr           1%         N/A       32%         2
 Stone Arrow              Conj/Erth      2%         3d7       54%         3
 Ice Form                 Ice/Tmut       10%        N/A       54%         4
 Summon Hydra             Summ           0%         N/A       100%        7


Dungeon Overview and Level Annotations

Branches:
Dungeon (6/15)
 Temple: D:4-7

Altars:
Makhleb
Ru
Sif Muna
The Shining One

Shops:
D:2 ?   D:3 [

Annotations:
D:5 Edmund


Innate Abilities, Weirdness & Mutations

You have temporarily grown beastly horns.
You have sharp claws.
You have razor-sharp teeth.
You have supernaturally acute eyesight. (SInv)
You cover ground quickly. (Speed+)
You are covered in thick fur. (AC +2)
Your paws help you pounce on unaware monsters.
You are incapable of wielding weapons or throwing items.
You cannot wear armour.
You gain extra lives every three experience levels.


Message History

You see here a +0 whip.
You claw the gnoll!
The gnoll is heavily wounded.
The gnoll completely misses you.
You barely miss the gnoll. You bite the gnoll.
The gnoll is severely wounded.
The gnoll sergeant completely misses you.
You scratch the gnoll.
The gnoll is almost dead.
The gnoll sergeant completely misses you.
The gnoll misses you.
You barely miss the gnoll. You headbutt the gnoll.
You kill the gnoll!
The gnoll sergeant hits you from afar with a +0 spear of venom!
You are poisoned.
You feel sick.
The gnoll sergeant completely misses you.
You barely miss the gnoll sergeant.
Your headbutt misses the gnoll sergeant.
You claw the gnoll sergeant, but do no damage.
You feel sick.
You are too injured to fight recklessly!
You are too injured to fight recklessly!
You are too injured to fight recklessly!
You are too injured to fight recklessly!
You are too injured to fight recklessly!
You are too injured to fight recklessly!
You are too injured to fight recklessly!
You are too injured to fight recklessly!
You are too injured to fight recklessly!
You are too injured to fight recklessly!
You are too injured to fight recklessly!
You barely miss the gnoll sergeant.
You feel sick.
The gnoll sergeant hits you with a +0 spear of venom!
* * * LOW HITPOINT WARNING * * *
You scratch the gnoll sergeant. You claw the gnoll sergeant.
The gnoll sergeant is moderately wounded.
You feel sick.
The gnoll sergeant hits you with a +0 spear of venom!
You die...

########.##.#
#...)### ####..)###
###<..# ##...#####.#
##....<.....# ##
####..##..#####....
#....####)).....#
#.#### #@..######..
##.# ####g.......:.#
#..# #.....#.######
.. ##.# ##.#...#.#
###... #.#
#..#.#...# ###....
#.# #.##.##..# #...#
#.###.##.###.#####(#
#...#.#..# #[..##..#
###....)####.#....##


You could see a gnoll sergeant.

Vanquished Creatures
  Grinder (D:3)
  Sigmund (D:6)
  A sky beast (D:4)
  A necrophage (D:4)
  A black bear (D:4)
  An ogre (D:4)
  A phantom (D:5)
  A kobold brigand (D:4)
  A scorpion (D:5)
  A water moccasin skeleton (D:5)
  A bullfrog zombie (D:6)
  A jelly (D:5)
  3 centaur zombies
  A centaur skeleton (D:6)
  Jessica (D:2)
  2 hound zombies (D:5)
  5 gnolls
  2 adders
  An adder skeleton (D:4)
  3 worms
  A dart slug (D:1)
  4 orcs
  7 endoplasms
  3 giant cockroaches
  9 goblins
  4 hobgoblins
  8 jackals (D:4)
  6 kobolds
  A quokka (D:1)
  8 ball pythons
  3 bats
  A frilled lizard (D:3)
  4 rats
89 creatures vanquished.

Vanquished Creatures (others)
  2 fungi (D:5)
  3 plants (D:5)
5 creatures vanquished.

Grand Total: 94 creatures vanquished

Notes
Turn   | Place    | Note
-------+----------+-------------------------------------------
     0 | D:1      | ragingrage the Felid Transmuter began the quest for the
                  | Orb.
     0 | D:1      | Reached XP level 1. HP: 9/9 MP: 4/4
   613 | D:1      | Reached skill level 1 in Stealth
   643 | D:1      | Reached XP level 2. HP: 5/12 MP: 4/6
  1324 | D:1      | You fall into a shaft and drop 1 floor!
  1641 | D:2      | Noticed Jessica
  1649 | D:2      | Killed Jessica
  1650 | D:2      | Reached XP level 3. HP: 9/15 MP: 5/7
  2059 | D:2      | Found Enowamyi's Magic Scroll Emporium.
  2064 | D:2      | Bought a scroll of noise for 10 gold pieces
  2064 | D:2      | Bought a scroll of identify for 20 gold pieces
  3015 | D:3      | Found Teclyurph's Armour Shoppe.
  3045 | D:3      | Reached XP level 4. HP: 19/19 MP: 8/8
  3048 | D:3      | Learned a level 2 spell: Wereblood
  3065 | D:3      | Noticed Grinder
  3606 | D:4      | Noticed a kobold brigand
  3609 | D:4      | Killed a kobold brigand
  3610 | D:4      | Reached XP level 5. HP: 12/22 MP: 9/9
  3792 | D:4      | Noticed a black bear
  3807 | D:4      | Killed a black bear
  4051 | D:4      | Gained mutation: You are covered in thick fur. (AC +2)
                  | [Felid growth]
  4051 | D:4      | Reached XP level 6. HP: 25/25 MP: 8/10
  4146 | D:4      | Slain by a scorpion
  4147 | D:4      | Reached XP level 5. HP: -1/22 MP: 8/9
  4336 | D:4      | Found a shimmering blue altar of Sif Muna.
  4336 | D:4      | Noticed a necrophage
  4492 | D:4      | Killed a necrophage
  4493 | D:4      | Reached skill level 5 in Dodging
  4880 | D:3      | Killed Grinder
  4881 | D:3      | Reached skill level 5 in Stealth
  4881 | D:3      | Reached XP level 6. HP: 25/25 MP: 6/10
  5123 | D:4      | Noticed a sky beast
  5135 | D:4      | Killed a sky beast
  5136 | D:4      | Reached XP level 7. HP: 28/28 MP: 9/11
  5399 | D:5      | Entered Level 5 of the Dungeon
  5401 | D:5      | Noticed Edmund
  5413 | D:4      | Reached skill level 5 in Unarmed Combat
  5413 | D:4      | Reached skill level 5 in Transmutations
  6077 | D:5      | Found a sacrificial altar of Ru.
  6282 | D:4      | Found a glowing golden altar of the Shining One.
  6840 | D:4      | Slain by a gnoll
  6841 | D:4      | Reached XP level 6. HP: 0/25 MP: 10/10
  7283 | D:6      | Found a burning altar of Makhleb.
  7295 | D:6      | Noticed Sigmund
  7312 | D:6      | Reached XP level 7. HP: 26/28 MP: 9/11
  7317 | D:6      | HP: 1/28 [gnoll (5)]
  7329 | D:6      | HP: 1/28 [orc (1)]
  7876 | D:6      | Killed Sigmund
  8317 | D:6      | Slain by a gnoll sergeant

Illustrated notes

Levels and vault maps discovered:
D:1:      erik_arrival_cave_to_civilisation [erik_arrival_cave_to_hall],
          layout_basic, chequers_serial_rivers_room_b
D:2:      layout_basic, serial_shops, shop, kennysheep_path_1, uniq_jessica
D:3:      layout_rooms, serial_shops, shop, uniq_grinder
D:4:      layout_loops_cross, lemuel_tele_altar, nicolae_overflow_hidden_temple
D:5:      corexii_shack_village, layout_cave_pools,
          mainiacjoe_overflow_boulevard, minmay_temple_entry_from_below_b,
          nicolae_elevator_lobby_plus, uniq_edmund
D:6:      layout_rooms, bloody_makhleb, uniq_sigmund, uniq_prince_ribbit1

Skill      XL: |  1  2  3  4  5  6  7 |
---------------+----------------------+-----
Dodging        | 3 4 5 7 |  7.1
Stealth        | 1 2 3 5 7 |  7.1
Transmutations | 3 4 6 |  6.0
Unarmed Combat | 4 5 |  5.8
Fighting       | |  1.0
Spellcasting   | |  2.0

Action                   |  1- 3 |  4- 6 |  7- 9 || total
-------------------------+-------+-------+-------++-------
Melee: Unarmed           |    82 |   106 |   131 ||   319
       Headbutt          |     7 |    14 |    23 ||    44
       Bite              |     7 |    11 |    12 ||    30
       Punch             |       |     3 |     5 ||     8
 Cast: Beastly Appendage |    23 |    19 |    14 ||    56
       Wereblood         |       |     5 |       ||     5
  Use: Scroll            |       |     3 |       ||     3
       Potion            |       |     2 |     2 ||     4
 Stab: Sleeping          |     5 |     4 |     2 ||    11
Armor: Skin              |     1 |     8 |     6 ||    15
Dodge: Dodged            |    69 |    86 |   128 ||   283

Table legend: (Time is in decaauts)
 A = Elapsed time spent in this place.
 B = Non-inter-level travel time spent in this place.
 C = Inter-level travel time spent in this place.
 D = Time resting spent in this place.
 E = Time spent auto-exploring this place.
 F = Levels seen in this place.
 G = Mean time per level.
                   A        B        C        D        E       F      G
               +--------+--------+--------+--------+--------+-----+--------+
         Total |   7637 |   7412 |    225 |   3057 |   3276 |   6 | 1272.8 |
       Dungeon |   7637 |   7412 |    225 |   3057 |   3276 |   6 | 1272.8 |
               +--------+--------+--------+--------+--------+-----+--------+

Top non-repeatable levels by time:
     D:4: 1957 daAuts
     D:1: 1843 daAuts
     D:5: 1724 daAuts
     D:2: 1134 daAuts
     D:3: 501 daAuts
     D:6: 476 daAuts
